 Dungeon Crawl Stone Soup version 0.15-a0-271-g6095dc6 (webtiles) character file.

554 PolkaDot the Ruinous (level 6, 0/41 HPs)
             Began as a Vampire Wizard on Apr 28, 2014.
             Slain by a water moccasin (8 damage)
             ... on Level 4 of the Dungeon.
             The game lasted 00:15:39 (3812 turns).

PolkaDot the Ruinous (Vampire Wizard)               Turns: 3812, Time: 00:15:40

HP   0/41        AC  3     Str  8      XL: 6   Next: 70%
MP   7/13        EV 12     Int 18 (22) God:
Gold 114         SH  0     Dex 12      Spells:  5 memorised,  0 levels left

rFire  + . .     SeeInvis +     u - +0 cutlass
rCold  + . .     Clarity  .     a - +0 robe
rNeg   . . .     Conserve .     (no shield)
rPois  +         rCorr    .     b - +0 hat
rElec  +         rRot     .     (no cloak)
SustAb . .       Spirit   .     i - +0 pair of gloves
rMut   .         Warding  .     (no boots)
Saprov . . .     Stasis   .     (no amulet)
MR     .....                    t - ring of poison resistance
                                d - +2 ring of strength

@: regenerating quickly, very slightly contaminated, hasted, very quick, not
resistant to hostile enchantments, stealthy
A: bottle blood, fangs 3, see invisible, unbreathing
a: Bottle Blood


You were on level 4 of the Dungeon.
You were full.

You visited 1 branch of the dungeon, and saw 4 of its levels.

You collected 114 gold pieces.

Inventory:

Hand weapons
 u - a +0,+0 cutlass (weapon)
Armour
 a - a +0 robe (worn)
 b - a +0 hat (worn)
 i - a +0 pair of gloves (worn)
Magical devices
 n - a wand of polymorph (18)
 p - a wand of frost (15) {unknown}
Scrolls
 f - 2 scrolls of magic mapping {unknown}
 g - a scroll of random uselessness {unknown}
 h - a scroll of enchant weapon II {unknown}
 l - 3 scrolls of remove curse {unknown}
 q - a scroll of noise {unknown}
 s - a scroll of identify {unknown}
Jewellery
 d - a +2 ring of strength (left hand)
 t - a ring of poison resistance (right hand)
Potions
 r - a potion of degeneration {!q}
Books
 c - a book of Minor Magic

   Spells                             Type                      Level
   *Magic Dart                        Conjuration                  1
   *Blink                             Translocation                2
   *Call Imp                          Summoning                    2
   Repel Missiles                     Charms/Air                   2
   Slow                               Hexes                        2
   *Conjure Flame                     Conjuration/Fire             3
   *Mephitic Cloud                    Conjuration/Poison/Air       3


   Skills:
 - Level 2.1 Dodging
 - Level 3.0 Stealth
 - Level 3.4 Spellcasting
 * Level 4.8 Conjurations
 + Level 2.1 Summonings
 - Level 0.7 Translocations


You couldn't memorise any spells.
You knew the following spells:

 Your Spells              Type           Power        Failure   Level  Hunger
a - Magic Dart            Conj           ###.         1%          1    None
d - Mephitic Cloud        Conj/Pois/Air  #.......     30%         3    ###....
q - Blink                 Tloc           N/A          17%         2    ##.....
s - Conjure Flame         Conj/Fire      ##......     21%         3    ###....
z - Call Imp              Summ           ##......     12%         2    ##.....


Dungeon Overview and Level Annotations

Branches:
Dungeon (4/15)
 Temple: D:4-7

Altars:

Shops:
D:4 *

Annotations:
D:4 Sigmund


Innate Abilities, Weirdness & Mutations

Your natural rate of healing is unusually fast.
You can bottle blood from corpses.
You have razor-sharp teeth.*
You have supernaturally acute eyesight.
You can survive without breathing.*


Message History

Your white imp closely misses the water moccasin.
The water moccasin bites you!
* * * LOW HITPOINT WARNING * * *
You closely miss the water moccasin.
The water moccasin is moderately wounded.
Your shadow imp hits the water moccasin but does no damage.
The water moccasin completely misses you.
Unknown command.
You closely miss the water moccasin.
The water moccasin is moderately wounded.
Your white imp barely misses the water moccasin.
Your shadow imp gestures at the water moccasin.
The water moccasin convulses in agony!
Your crimson imp blinks!
The water moccasin completely misses you.
You hit the water moccasin.
The water moccasin is heavily wounded.
Your white imp hits the water moccasin but does no damage.
The water moccasin bites you!
You die...

≈≈≈≈≈≈≈≈≈≈≈≈≈
≈≈≈≈≈≈≈≈≈≈≈≈≈≈≈
h............ .........#
##+##...%..# #...#......#
...#.∩.##.....#
#....#...#'.....#
#....##S###.....#
#....#5@5.#.....#
#....+.§..#.....#
#....#....#.....#
#....#....#.....#
#..).#5...#.....#
#..%.#.%..#.....#
#....'....#.....#
#....#....#.....#
.#########....#....#.....#
..............#....#.....#


You could see a water moccasin, a friendly crimson imp, a friendly white imp and
a friendly shadow imp.

Vanquished Creatures
  An ogre (D:4)
  A water moccasin (D:4)
  A hound (D:3)
  Natasha (thrice) (D:4)
  7 gnolls
  2 adders
  A giant mite (D:4)
  An inept item mimic (D:2)
  A worm (D:2)
  2 giant geckos
  2 oozes (D:1)
  An orc (D:3)
  8 bats
  A bat skeleton (D:4)
  7 hobgoblins
  10 jackals
  8 kobolds
  4 quokkas
  3 giant cockroaches (D:3)
  2 giant newts (D:1)
  7 goblins
  A hobgoblin skeleton (D:4)
  3 rats
77 creatures vanquished.

Vanquished Creatures (collateral kills)
  A water moccasin (D:4)
1 creature vanquished.

Vanquished Creatures (others)
  A white imp (D:4)
1 creature vanquished.

Grand Total: 79 creatures vanquished

Notes
Turn   | Place    | Note
--------------------------------------------------------------
     0 | D:1      | PolkaDot, the Vampire Wizard, began the quest for the Orb.
     0 | D:1      | Reached XP level 1. HP: 13/13 MP: 4/4
   143 | D:1      | Reached skill level 1 in Conjurations
   311 | D:1      | Reached XP level 2. HP: 19/19 MP: 0/6
   857 | D:1      | Reached XP level 3. HP: 22/24 MP: 7/7
   981 | D:1      | Learned a level 3 spell: Conjure Flame
   985 | D:1      | Learned a level 3 spell: Mephitic Cloud
  1970 | D:2      | Reached XP level 4. HP: 16/30 MP: 9/9
  2372 | D:3      | Learned a level 2 spell: Blink
  2600 | D:3      | Reached XP level 5. HP: 30/35 MP: 0/11
  3126 | D:4      | Noticed an ogre
  3169 | D:4      | Killed an ogre
  3169 | D:4      | Reached skill level 4 in Conjurations
  3326 | D:4      | Reached XP level 6. HP: 37/41 MP: 1/13
  3464 | D:4      | Learned a level 2 spell: Call Imp
  3467 | D:4      | Noticed Sigmund
  3604 | D:4      | Noticed Natasha
  3614 | D:4      | Killed Natasha
  3677 | D:4      | Noticed Natasha
  3683 | D:4      | Killed Natasha
  3747 | D:4      | Noticed Natasha
  3752 | D:4      | Killed Natasha
  3780 | D:4      | Found Mitaj's Serpentskin Sales.
  3780 | D:4      | Noticed a water moccasin
  3780 | D:4      | Noticed a water moccasin
  3780 | D:4      | Noticed a water moccasin
  3797 | D:4      | Killed a water moccasin
  3807 | D:4      | Killed a water moccasin
  3812 | D:4      | Slain by a water moccasin

Action                   |  1- 3 |  4- 6 || total
-------------------------+-------+-------++-------
Melee: Dagger            |   126 |   113 ||   239
       Cutlass           |       |    30 ||    30
 Cast: Magic Dart        |    60 |    31 ||    91
       Mephitic Cloud    |     5 |     8 ||    13
       Conjure Flame     |     1 |     5 ||     6
       Call Imp          |       |     4 ||     4
Evoke: Wand              |       |     1 ||     1
  Use: Potion            |     1 |     6 ||     7
 Stab: Sleeping          |     6 |     3 ||     9
       Confused          |     2 |     4 ||     6
